 Dungeon Crawl Stone Soup version 0.25-a0-869-g05d4e06a41 (webtiles) character file.

Game seed: 10129986803402087034, levelgen mode: deterministic

14747 mortelune the Archer (level 11, -8/100 HPs)
             Began as a Centaur Hunter on Apr 30, 2020.
             Was an Elder of Okawaru.
             Shot with an arrow by a centaur (15 damage)
             ... on level 11 of the Dungeon.
             The game lasted 00:34:50 (16945 turns).

mortelune the Archer (Centaur Hunter)              Turns: 16945, Time: 00:34:50

Health: -8/100     AC:  5    Str: 25    XL:     11   Next: 92%
Magic:  11/11      EV:  6    Int: 10    God:    Okawaru [****..]
Gold:   451        SH:  0    Dex: 10    Spells: 10/10 levels left

rFire    + . .     SeeInvis +   a - +1 shortbow
rCold    + . .     Gourm    .   (shield currently unavailable)
rNeg     . . .     Faith    .   A - +0 chain mail of Taiwneim {*Corrode Str+7 Slay+2 Stlth+}
rPois    +         Spirit   .   (no helmet)
rElec    .         Reflect  .   o - scarf {rC+ rF+}
rCorr    .         Harm     .   G - +1 pair of gloves
MR       .....                  (no barding)
Stlth    ..........             (no amulet)
HPRegen  0.26/turn              S - ring of see invisible
MPRegen  0.12/turn              P - ring of poison resistance

@: corroded, very quick
A: large, hooves 3, deformed body, speed 2, tough skin 3
a: Heroism, Renounce Religion


You were on level 11 of the Dungeon.
You worshipped Okawaru.
Okawaru was greatly pleased with you.
You were not hungry.

You visited 2 branches of the dungeon, and saw 12 of its levels.

You collected 451 gold pieces.

Inventory:

Hand Weapons
 a - a +1 shortbow (weapon)
 b - a +0 flail
 m - a +0 trident
 x - a +0 short sword
 K - a +2 vorpal hand crossbow
 O - a +0 spear
Missiles
 p - 8 atropa-tipped darts
 r - 56 arrows (quivered)
Armour
 c - a +0 leather armour
 j - a +0 chain mail
 o - a scarf of resistance (worn)
 A - the +0 chain mail of Taiwneim (worn) {*Corrode Str+7 Slay+2 Stlth+}
   (You found it on level 5 of the Dungeon)

   It affects your strength (+7).
   It affects your accuracy and damage with ranged weapons and melee attacks
   (+2).
   It may corrode you when you take damage.
   It makes you more stealthy.
 G - a +1 pair of gloves (worn)
 R - a +0 leather armour of magic resistance
Jewellery
 z - a +1 ring of evasion
 B - a +2 ring of intelligence
 L - an uncursed ring of fire {unknown}
 P - a ring of poison resistance (right hand)
 Q - an uncursed ring of wizardry {unknown}
 S - a ring of see invisible (left hand)
Wands
 v - a wand of flame (17)
 D - a wand of digging (2)
 T - a wand of polymorph (9)
Scrolls
 d - 6 scrolls of remove curse
 e - 2 scrolls of fear
 f - 3 scrolls of fog
 g - a scroll of enchant weapon {unknown}
 i - 6 scrolls of identify
 l - a scroll of noise
 s - 2 scrolls of immolation
 t - 13 scrolls of teleportation
 y - 3 scrolls of magic mapping
 H - 2 scrolls of vulnerability
 I - 3 scrolls of enchant armour
Potions
 h - 2 potions of heal wounds
 k - a potion of degeneration {unknown}
 n - a potion of invisibility {unknown}
 q - 3 potions of ambrosia {unknown}
 u - 5 potions of haste
 w - a potion of brilliance {unknown}
 C - 2 potions of might {unknown}
 E - 2 potions of flight {unknown}
 F - 2 potions of resistance
 J - a potion of mutation {unknown}
 V - a potion of cancellation {unknown}
Miscellaneous
 N - a phantom mirror
Comestibles
 M - 15 rations
 U - a chunk of flesh


   Skills:
 + Level 10.3 Fighting
 - Level 10.2 Maces & Flails
 * Level 3.9 Polearms
 + Level 13.6 Bows
 - Level 1.7 Dodging
 - Level 3.7 Stealth


You had 10 spell levels left.
You didn't know any spells.
Your spell library contained the following spells:

 Spells                   Type           Power        Failure   Level  Hunger
 Animate Skeleton         Necr           N/A          96%         1    ##.....
 Apportation              Tloc           #.....       96%         1    ##.....
 Corona                   Hex            #......      96%         1    ##.....
 Summon Small Mammal      Summ           #...         96%         1    ##.....


Dungeon Overview and Level Annotations

Branches:
Dungeon (11/15)            Temple (1/1) D:4            Lair (0/6) D:11
    Orc (0/2) D:10

Altars:
Ashenzari
Cheibriados
Dithmenos
Elyvilon
Fedhas
Gozag
Hepliaklqana
Kikubaaqudgha
Makhleb
Nemelex Xobeh
Okawaru
Qazlal
Ru
Sif Muna
Trog
Uskayaw
Vehumet
Wu Jian
Xom
Yredelemnul
Zin
The Shining One

Annotations:
D:6 3 runed translucent doors, MisterFreud's ghost, novice GnAK; Sigmund
D:9 2 runed translucent doors, exclusion: orange crystal statue
D:11 exclusion: orange crystal statue


Innate Abilities, Weirdness & Mutations

You have hooves in place of feet.
Armour fits poorly on your strangely shaped body.
You cover ground very quickly.
You have extremely tough skin. (AC +3)


Message History

The centaur shoots an arrow.
The arrow barely misses you.
Firing (i - inventory. (/) - cycle)
r - 58 arrows (quivered)
Press: ? - help, Shift-Dir - straight line, f/p - centaur
Aim: a centaur, wielding a +0 shortbow and quivering 13 arrows (lightly wounded)
You shoot an arrow. The arrow hits the centaur!
The centaur is severely wounded.
The centaur shoots an arrow.
The arrow hits you!
* * * LOW HITPOINT WARNING * * *
The centaur shoots an arrow.
The arrow hits you!
* * * LOW HITPOINT WARNING * * *
The arrow freezes you.
* * * LOW HITPOINT WARNING * * *
Firing (i - inventory. (/) - cycle)
r - 57 arrows (quivered)
Press: ? - help, Shift-Dir - straight line, f/p - centaur
Aim: a centaur, wielding a +0 shortbow and quivering 12 arrows (severely wounded)
You shoot an arrow. The arrow hits the centaur!
You kill the centaur!
Okawaru accepts your kill.
The centaur shoots an arrow.
The arrow hits you!
You die...

###..P......## (>#......^.>.#
..#........#.#.#
###.P.P........#
.............###
.......####### #
....÷P........ .###.
......#################).....
...............(@..)())c.D...
.######################......
.^.(... ..c.. ####### ....
.(..<# ... ###### .. # #
###### .....#


You could see a centaur.

Vanquished Creatures
  A hydra (D:11)
  Erica (D:10)
  3 two-headed ogres
  Sonja (D:11)
  Joseph (D:10)
  A gargoyle (D:11)
  A kobold demonologist (D:11)
  A queen bee (D:8)
  A hornet (D:7)
  A troll (D:10)
  Grinder (D:3)
  A hippogriff (D:9)
  A wyvern (D:11)
  2 humans (D:9)
  6 yaks (D:9)
  Menkaure (D:6)
  An acid dragon (D:11)
  4 porcupines (D:11)
  10 orc warriors
  3 sky beasts
  5 ice beasts
  2 phantoms
  6 ogres
  7 centaurs
  8 big kobolds (D:10)
  6 bullfrogs
  2 gnoll sergeants (D:10)
  A wyvern zombie (D:11)
  A water moccasin skeleton (D:11)
  16 killer bees (D:8)
  7 howler monkeys
  5 crimson imps
  4 centaur zombies
  2 bullfrog zombies
  9 orc priests
  A bullfrog skeleton (D:8)
  4 hounds
  2 jellies
  13 orc wizards
  A centaur skeleton (D:8)
  An iguana (D:7)
  8 worker ants
  A killer bee zombie (D:5)
  2 hound zombies
  2 hound skeletons
  5 gnolls
  15 adders
  2 howler monkey skeletons
  A shadow imp (D:6)
  2 oozes (D:2)
  An adder skeleton (D:6)
  3 adder zombies
  5 worms
  2 dart slugs
  7 leopard geckos
  65 orcs
  3 ball pythons
  7 giant cockroaches
  7 goblins
  5 hobgoblins
  5 jackals
  11 kobolds
  5 quokkas
  10 bats
  7 frilled lizards
  A leopard gecko skeleton (D:7)
  A quokka zombie (D:8)
  4 rats
332 creatures vanquished.

Vanquished Creatures (others)
  16 fungi (D:11)
  9 plants (D:11)
25 creatures vanquished.

Grand Total: 357 creatures vanquished

Notes
Turn   | Place    | Note
-------+----------+-------------------------------------------
     0 | D:1      | mortelune the Centaur Hunter began the quest for the Orb.
     0 | D:1      | Reached XP level 1. HP: 17/17 MP: 1/1
   309 | D:1      | Reached XP level 2. HP: 24/24 MP: 2/2
   780 | D:2      | Reached skill level 1 in Stealth
   876 | D:2      | Reached XP level 3. HP: 30/30 MP: 3/3
   896 | D:2      | Found a shattered altar of Ashenzari.
   901 | D:2      | Found a shimmering altar of Xom.
   902 | D:2      | Found a radiant altar of Vehumet.
  1349 | D:2      | Reached skill level 6 in Bows
  1485 | D:2      | Reached XP level 4. HP: 31/37 MP: 4/4
  2289 | D:3      | Reached XP level 5. HP: 44/45 MP: 5/5
  2469 | D:3      | Found a sparkling altar of Nemelex Xobeh.
  2480 | D:3      | Noticed Grinder
  2506 | D:3      | Paralysed by Grinder for 3 turns
  2512 | D:3      | Killed Grinder
  2512 | D:3      | Reached skill level 7 in Bows
  2512 | D:3      | Reached XP level 6. HP: 48/52 MP: 6/6
  3034 | D:4      | You fall into a shaft and drop 1 floor!
  3034 | D:5      | Entered Level 5 of the Dungeon
  3034 | D:5      | Found a sparkling altar of Nemelex Xobeh.
  3034 | D:5      | Found a glowing silver altar of Zin.
  3034 | D:5      | Found a blossoming altar of Fedhas.
  3347 | D:4      | Found a staircase to the Ecumenical Temple.
  3512 | Temple   | Entered the Ecumenical Temple
  3724 | D:4      | Reached XP level 7. HP: 60/60 MP: 7/7
  4144 | D:5      | Reached skill level 8 in Bows
  4221 | D:5      | Reached skill level 5 in Fighting
  4944 | D:5      | Found a shimmering blue altar of Sif Muna.
  4973 | D:5      | Got a steaming chain mail
  4984 | D:5      | Identified the cursed +0 chain mail of Taiwneim {*Corrode
                  | Str+7 Slay+2 Stlth+} (You found it on level 5 of the
                  | Dungeon)
  5576 | D:6      | Reached XP level 8. HP: 68/69 MP: 8/8
  5701 | D:6      | Reached skill level 9 in Bows
  5878 | D:6      | Found a snail-covered altar of Cheibriados.
  5878 | D:6      | Noticed Sigmund
  6022 | D:6      | Noticed Menkaure
  6031 | D:6      | Killed Menkaure
  6031 | D:6      | Reached skill level 1 in Maces & Flails
  6148 | D:6      | Found a runed translucent gate.
  6148 | D:6      | Found a runed translucent gate.
  6149 | D:6      | Found a runed translucent gate.
  6251 | D:6      | Noticed MisterFreud's ghost (novice GnAK)
  6671 | D:7      | Noticed a hornet
  6878 | D:7      | Killed a hornet
  7119 | D:7      | Reached skill level 10 in Bows
  7133 | D:7      | Found a hide-covered altar of Uskayaw.
  7172 | D:7      | Reached XP level 9. HP: 78/78 MP: 9/9
  7989 | D:7      | Reached skill level 5 in Maces & Flails
  9065 | D:8      | Found a shadowy altar of Dithmenos.
  9498 | D:8      | Reached skill level 11 in Bows
 10163 | D:8      | Reached XP level 10. HP: 36/88 MP: 10/10
 11913 | D:9      | Found an iron altar of Okawaru.
 11997 | D:9      | Became a worshipper of Warmaster Okawaru
 12343 | D:9      | Reached skill level 12 in Bows
 12553 | D:9      | Found a stormy altar of Qazlal.
 12576 | D:9      | Found a runed translucent door.
 12576 | D:9      | Noticed an orange crystal statue
 12578 | D:9      | Found the +10 tower shield of Ignorance {rN+ Int-4}
 12589 | D:9      | Reached * piety under Okawaru
 12960 | D:9      | Found a runed translucent door.
 13095 | D:10     | Entered Level 10 of the Dungeon
 13141 | D:10     | Noticed Erica
 13153 | D:10     | Killed Erica
 13153 | D:10     | Reached ** piety under Okawaru
 13155 | D:10     | Noticed a two-headed ogre
 13204 | D:9      | Killed a two-headed ogre
 13204 | D:9      | Reached XP level 11. HP: 61/97 MP: 11/11
 13567 | D:10     | Found a basalt altar of Yredelemnul.
 13716 | D:10     | Noticed Joseph
 13728 | D:10     | Killed Joseph
 13997 | D:10     | Found a staircase to the Orcish Mines.
 14159 | D:10     | Reached *** piety under Okawaru
 14644 | D:11     | Noticed Sonja
 15147 | D:11     | Noticed a two-headed ogre
 15191 | D:10     | Killed a two-headed ogre
 15191 | D:10     | Received a gift from Okawaru
 15282 | D:11     | Reached skill level 13 in Bows
 15602 | D:11     | Reached skill level 10 in Maces & Flails
 15971 | D:11     | Reached **** piety under Okawaru
 16136 | D:11     | Noticed an eight-headed hydra
 16171 | D:11     | Killed an eight-headed hydra
 16171 | D:11     | Reached skill level 1 in Polearms
 16355 | D:11     | Reached skill level 10 in Fighting
 16376 | D:11     | Received a gift from Okawaru
 16499 | D:11     | Noticed an orange crystal statue
 16582 | D:11     | Noticed a two-headed ogre
 16624 | D:11     | Killed a two-headed ogre
 16733 | D:11     | Killed Sonja
 16865 | D:11     | Found a staircase to the Lair.
 16929 | D:11     | Received a gift from Okawaru
 16945 | D:11     | Shot with an arrow by a centaur

Levels and vault maps discovered:
D:1:      dpeg_arrival_more_subterranean_lakeside_camping, layout_basic,
          st_stairs_1, minmay_statues_item
D:2:      layout_rooms, chequers_temple_overflow_statue_of_worship
D:3:      layout_loops_ring, grunt_decor_mini_mirrors,
          nemelex_diamond_rough_becter, uniq_grinder
D:4:      layout_loops_ring, minmay_temple_entry_mini_moons, first_ration
D:5:      layout_cave_pools, kennysheep_mini, grunt_temple_overflow_open
D:6:      layout_basic, nicolae_overflow_hidden_temple, gammafunk_ghost_split,
          minmay_crossroads, uniq_menkaure, uniq_sigmund
D:7:      layout_basic, eat_drink_and_be_merry_uskayaw, minmay_checkerbox
D:8:      layout_loops_corners, lemuel_coloured_pillars_altar, david_nohive_1
D:9:      layout_irregular_city, okawaru_humans, grunt_qazlal_clouds,
          chequers_guarded_unrand_ignorance
D:10:     layout_cave_pools, kennysheep_orc_monster_closet_entryway,
          basic_altar, uniq_erica, uniq_joseph
D:11:     layout_basic, grunt_lair_entry_orc_guard_hut, minivault_16,
          uniq_sonja, uniq_maurice
Temple:   cyrus_temple_forest

Skill      XL: |  1  2  3  4  5  6  7  8  9 10 11 |
---------------+----------------------------------+-----
Stealth        | 1 2 3 |  3.7
Bows           | 6 7 8 10 11 12 13 | 13.6
Fighting       | 3 4 5 6 8 9 10 | 10.3
Maces & Flails | 3 6 9 10 | 10.2
Polearms       | 3 |  3.9
Dodging        | |  1.7

Action                   |  1- 3 |  4- 6 |  7- 9 | 10-12 || total
-------------------------+-------+-------+-------+-------++-------
Melee: Short sword       |       |     1 |       |       ||     1
       Flail             |       |    20 |    42 |     3 ||    65
       Kick              |       |     5 |    53 |    43 ||   101
       Spear             |       |       |   168 |    90 ||   258
       Trident           |       |       |       |    53 ||    53
 Fire: Shortbow          |   165 |   168 |   340 |   501 ||  1174
Throw: Dart              |       |       |       |     3 ||     3
Invok: Heroism           |       |       |       |     3 ||     3
  Use: Potion            |       |     2 |       |     1 ||     3
       Scroll            |       |     1 |    12 |     1 ||    14
  Eat: Chunk             |     1 |     5 |    16 |    13 ||    35
       Ration            |       |       |       |     2 ||     2
Armor: Leather armour    |    34 |       |       |       ||    34
       Chain mail        |       |    64 |   177 |   113 ||   354
Dodge: Dodged            |    35 |    21 |    90 |    70 ||   216

Table legend:
 A = Non-vault XP
 B = Vault XP
 C = Vault XP percentage of total XP
 D = Non-vault monster count
 E = Vault monster count
 F = Vault count percentage of total count
                 A         B        C        D         E       F
            +---------+---------+-------+---------+---------+-------
      Total |   14301 |    6767 |  32.1 |     276 |      56 |  16.9
            +---------+---------+-------+---------+---------+-------
        D:1 |      29 |       2 |   6.5 |      15 |       2 |  11.8
        D:2 |      83 |       0 |   0.0 |      27 |       0 |   0.0
        D:3 |     211 |     281 |  57.1 |      33 |       1 |   2.9
        D:4 |     286 |       0 |   0.0 |      19 |       0 |   0.0
        D:5 |     421 |       0 |   0.0 |      19 |       0 |   0.0
        D:6 |     699 |     228 |  24.6 |      21 |       3 |  12.5
        D:7 |    1456 |     131 |   8.3 |      23 |       3 |  11.5
        D:8 |    1165 |    1305 |  52.8 |      42 |      17 |  28.8
        D:9 |    3476 |     392 |  10.1 |      26 |       2 |   7.1
       D:10 |    1421 |    2928 |  67.3 |      16 |      22 |  57.9
       D:11 |    5054 |    1500 |  22.9 |      35 |       6 |  14.6
            +---------+---------+-------+---------+---------+-------
